Map: Thunderbird LE

Players

SortOf

  • Race: Zerg Zerg
  • Spawn Location: 11:00

PtitDrogo - Winner!

  • Race: Protoss Protoss
  • Spawn Location: 5:00

VOD

Have the link to the VOD?

Description

Time

  • Played on: Sept. 6, 2019, 7:19 p.m.
  • Length: 10:05
Show
View Real Time Build Order
Export as new Build Order

SortOf Zerg 

Build Orders: Hatch First 

Get SALT Encoding   

  12  0:00  Drone  
  13  0:12  Overlord  
  13  0:17  Drone  
  14  0:30  Drone x2  
  16  0:47  Drone x2  
  18  0:56  Hatchery  
  17  0:58  Drone  
  18  1:04  Extractor  
  17  1:13  Spawning Pool  
  17  1:15  Drone  
  17  1:23  Drone  
  18  1:30  Drone  
  19  1:39  Drone  
  20  1:50  Overlord  
  20  1:59  Queen  
  22  2:08  Zergling x4, Queen  
  24  2:11  Metabolic Boost  
  26  2:16  Drone  
  26  2:19  Drone  
  28  2:23  Drone  
  29  2:39  Drone, Hatchery  
  29  2:42  Drone  
  30  2:45  Drone  
  30  2:49  Overlord  
  31  2:52  Drone  
  31  2:55  Queen  
  34  3:02  Drone  
  35  3:10  Drone x2  
  40  3:12  Drone x4  
  40  3:22  Zergling x2  
  40  3:23  Zergling x2  
  42  3:27  Spore Crawler  
  42  3:30  Spore Crawler, Queen  
  42  3:31  Drone  
  43  3:35  Drone  
  44  3:42  Overlord  
  44  3:43  Overlord  
  44  3:54  Drone x5  
  44  3:55  Drone  
  50  3:57  Spore Crawler  
  49  4:04  Overlord  
  49  4:06  Drone x2  
  51  4:13  Queen  
  51  4:14  Drone x3  
  51  4:16  Overlord  
  54  4:18  Spore Crawler  
  54  4:22  Queen  
  54  4:24  Drone  
  56  4:26  Drone x2  
  56  4:30  Drone x2  
  60  4:37  Drone x2  
  60  4:38  Drone  
  63  4:41  Drone  
  63  4:44  Drone x3  
  65  4:48  Overlord  
  65  4:51  Roach Warren  
  65  4:52  Drone x3  
  67  4:55  Extractor  
  67  4:56  Drone x3  
  67  4:57  Drone  
  70  5:01  Lair  
  70  5:04  Extractor  
  70  5:05  Queen  
  70  5:06  Drone  
  70  5:07  Drone  
  73  5:08  Drone  
  73  5:09  Drone  
  76  5:14  Extractor x2, Drone x3  
  76  5:17  Drone  
  77  5:23  Drone  
  77  5:24  Drone x4  
  77  5:26  Overlord  
  82  5:29  Overlord  
  82  5:31  Overlord  
  82  5:34  Overlord  
  82  5:36  Overlord  
  82  5:39  Overlord  
  82  5:40  Extractor  
  82  5:41  Drone  
  81  5:43  Drone  
  81  5:44  Overlord  
  81  5:46  Roach  
  81  5:49  Hatchery  
  83  5:50  Roach x3  
  83  5:57  Overlord  
  89  5:58  Queen  
  89  6:00  Overseer  
  89  6:02  Overlord  
  90  6:07  Glial Reconstitution  
  90  6:08  Evolution Chamber, Drone  
  90  6:09  Baneling Nest  
  89  6:12  Overseer  
  89  6:13  Infestation Pit, Overlord  
  89  6:14  Overlord  
  89  6:18  Drone x4  
  92  6:20  Drone  
  92  6:21  Drone  
  92  6:23  Drone x2  
  92  6:24  Drone x2  
  96  6:27  Drone  
  97  6:33  Drone  
  97  6:37  Roach x4  
  106  6:40  Roach x3  
  106  6:41  Roach  
  106  6:46  Zerg Melee Weapons Level 1  
  114  6:48  Drone x4  
  114  6:49  Extractor  
  117  6:56  Centrifical Hooks  
  117  6:57  Hive  
  117  7:03  Spire, Drone  
  117  7:04  Drone  
  117  7:05  Drone x2  
  117  7:06  Spore Crawler  
  117  7:07  Zergling x2  
  120  7:08  Extractor  
  120  7:09  Ravager x3  
  120  7:10  Ravager x2  
  120  7:11  Zergling x2  
  120  7:12  Zergling x2  
  120  7:13  Zergling x2  
  127  7:18  Zergling x10  
  127  7:20  Baneling x4  
  132  7:29  Baneling x6  
  132  7:33  Zergling x20  
  132  7:35  Overlord  
  142  7:42  Drone  
  138  7:45  Drone x3  
  138  7:48  Zergling x10  
  146  8:04  Overlord  
  146  8:12  Zergling x22  
  157  8:14  Adrenal Glands  
  157  8:16  Greater Spire  
  157  8:17  Baneling x12  
  157  8:18  Baneling x6, Hatchery  
  158  8:20  Roach x2  
  158  8:22  Roach  
  158  8:25  Baneling  
  158  8:26  Baneling x7  
  161  8:29  Zergling x6  
  161  8:32  Corruptor  
  161  8:34  Corruptor  
  166  8:39  Baneling x7  
  166  8:48  Zergling x20  
  175  8:53  Baneling x12  
  172  9:01  Corruptor x2  
  176  9:03  Zergling x10  
  181  9:15  Zergling x22  
  188  9:17  Overlord  
  188  9:19  Overlord  
  180  9:25  Zergling x2  
  180  9:31  Zergling x6  
  172  9:34  Corruptor x2  
  132  9:38  Zergling x6  
  132  9:39  Zergling x10  
  132  9:43  Zergling x4  
Show
View Real Time Build Order
Export as new Build Order

PtitDrogo Protoss - Winner!

Build Orders: 1 Gate Expand, Oracle Opening, Archon Immortal 

Get SALT Encoding   

  12  0:00  Probe  
  13  0:12  Probe  
  14  0:21  Pylon  
  14  0:24  Probe  
  15  0:35  Probe  
  16  0:43  Probe  
  16  0:45  Gateway  
  17  0:53  Probe  
  17  0:55  Assimilator  
  18  1:05  Probe  
  19  1:17  Probe  
  20  1:29  Nexus  
  20  1:38  Cybernetics Core  
  20  1:41  Probe  
  20  1:45  Assimilator  
  21  1:54  Probe  
  22  1:57  Pylon  
  22  2:05  Stalker  
  22  2:06  Probe  
  25  2:18  Probe  
  26  2:23  Stargate  
  26  2:30  Probe  
  26  2:34  Warp Gate  
  27  2:37  Probe  
  27  2:38  Probe  
  29  2:45  Probe  
  29  2:46  Probe  
  31  2:53  Adept  
  31  2:55  Probe  
  31  2:56  Probe  
  35  3:00  Oracle  
  35  3:07  Probe  
  35  3:08  Probe  
  40  3:19  Probe  
  41  3:20  Pylon, Probe  
  41  3:25  Gateway  
  42  3:29  Oracle  
  42  3:32  Probe x2  
  47  3:44  Probe  
  47  3:45  Probe  
  49  3:49  Pylon  
  49  3:54  Nexus  
  49  3:56  Probe  
  49  3:57  Probe  
  51  4:04  Oracle  
  51  4:05  Assimilator  
  51  4:07  Assimilator  
  51  4:12  Probe  
  51  4:14  Probe  
  51  4:16  Pylon  
  56  4:25  Probe  
  56  4:26  Probe, Robotics Facility  
  58  4:34  Forge  
  58  4:37  Probe  
  58  4:38  Probe  
  60  4:44  Twilight Council  
  60  4:45  Protoss Ground Weapons Level 1  
  57  4:46  Probe  
  57  4:49  Probe  
  57  4:52  Gateway  
  59  4:53  Gateway, Sentry  
  59  4:54  Probe  
  62  5:01  Probe  
  62  5:03  Probe  
  62  5:04  Probe  
  65  5:11  Pylon, Probe  
  65  5:13  Probe  
  66  5:14  Observer  
  66  5:16  Probe  
  66  5:21  Probe  
  69  5:24  Charge  
  69  5:25  Probe  
  69  5:28  Probe, Assimilator  
  71  5:32  Assimilator  
  71  5:33  Probe  
  73  5:36  Templar Archives  
  73  5:37  Probe  
  73  5:40  Probe  
  75  5:45  Probe  
  75  5:46  Pylon  
  75  5:49  Probe  
  77  5:50  Gateway x2  
  77  5:52  Immortal  
  77  5:53  Probe  
  82  5:57  Probe  
  82  6:01  Probe  
  84  6:05  Probe  
  84  6:07  Gateway  
  84  6:08  Gateway  
  84  6:09  Probe  
  86  6:13  Probe  
  86  6:16  Psionic Storm  
  86  6:17  High Templar x2, Probe  
  92  6:20  Observer  
  92  6:21  Probe  
  92  6:23  Immortal  
  93  6:27  Nexus  
  93  6:29  Pylon  
  99  6:33  Probe  
  99  6:35  Pylon  
  98  6:40  Gateway  
  98  6:41  Gateway, Pylon  
  98  6:46  Probe x2  
  100  6:48  High Templar x2  
  100  6:52  Immortal  
  104  6:58  Probe x2  
  104  7:01  Assimilator  
  106  7:03  Probe  
  106  7:04  Robotics Facility  
  106  7:06  Assimilator  
  106  7:08  Zealot x2  
  115  7:10  Probe, Protoss Ground Weapons Level 2  
  115  7:11  Zealot  
  118  7:19  Probe  
  118  7:20  Pylon  
  118  7:21  Pylon, High Templar x2  
  123  7:22  Pylon  
  123  7:31  Warp Prism  
  123  7:33  Pylon  
  123  7:36  Photon Cannon, Pylon  
  125  7:37  Shield Battery  
  125  7:43  Immortal  
  123  7:49  Zealot x4, High Templar x2  
  123  7:50  Zealot x2  
  139  7:56  Archon, Probe  
  144  8:03  Pylon x2  
  144  8:07  High Templar x2  
  144  8:12  Archon  
  148  8:17  Zealot x4, High Templar x2  
  160  8:21  Archon  
  160  8:23  Zealot x2  
  162  8:30  Pylon  
  162  8:32  Pylon  
  162  8:39  Zealot x6  
  174  8:48  High Templar x2  
  178  8:56  High Templar x2, Archon  
  178  9:00  Archon  
  178  9:01  Zealot x2, High Templar x2  
  178  9:02  Zealot x2  
  194  9:05  Archon, Nexus  
  194  9:06  Pylon  
  192  9:21  Zealot  
  192  9:22  Zealot x3  
  139  9:39  Stalker x4  
  139  9:40  Stalker  
  139  9:43  Probe  
  139  9:44  Zealot x5  
  139  9:46  Probe  
  133  10:03  Stalker  
Tags
 
Add a new tag
Caveats
  • Supply blocks, unpowered buildings, or Contaminate may cause inaccurate times.
  • Supply counts are checked every 10 seconds.